 Dungeon Crawl Stone Soup version 0.21.1-1-g345015f (webtiles) character file.

50 Fang the Skirmisher (level 3, -6/24 HPs)
             Began as a Gargoyle Berserker on June 1, 2018.
             Was a Follower of Trog.
             Mangled by a gnoll
             ... wielding a +0 halberd
              (11 damage)
             ... on level 2 of the Dungeon.
             The game lasted 00:02:59 (1682 turns).

Fang the Skirmisher (Gargoyle Berserker)            Turns: 1682, Time: 00:02:59

Health: -6/24      AC:  8    Str: 21    XL:     3   Next: 79%
Magic:  3/3        EV: 12    Int:  7    God:    Trog [*.....]
Gold:   64         SH:  0    Dex:  9    Spells: 2/2 levels left

rFire    x . .     SeeInvis .   a - +0 hand axe
rCold    + . .     Gourm    .   (no shield)
rNeg     + . .     Faith    .   b - +0 animal skin
rPois    ∞         Spirit   .   (no helmet)
rElec    +         Reflect  .   (no cloak)
rCorr    .         Harm     .   (no gloves)
MR       .....                  g - +2 pair of boots
Stlth    +.........             (no amulet)
HPRegen  0.08/turn              j - ring of ice
MPRegen  0.08/turn              (no ring)

@: berserk cooldown, slowed, very slow
A: negative energy resistance 1, electricity resistance, unbreathing,
petrification resistance, rot immunity, AC +3
a: Berserk, Burn Spellbooks, Renounce Religion


You were on level 2 of the Dungeon.
You worshipped Trog.
Trog was aware of your devotion.
You were near starving.

You visited 1 branch of the dungeon, and saw 2 of its levels.

You collected 64 gold pieces.

Inventory:

Hand Weapons
 a - a +0 hand axe (weapon)
Armour
 b - a +0 animal skin (worn)
 g - a +2 pair of boots (worn)
Jewellery
 j - a ring of ice (left hand)
Scrolls
 f - a scroll of magic mapping {unknown}
 h - a scroll of remove curse {unknown}
 i - a scroll of immolation {unknown}
Potions
 d - a potion of heal wounds {unknown}
 e - 2 potions of ambrosia {unknown}
Comestibles
 c - 4 rations


   Skills:
 + Level 4.0 Fighting
 + Level 3.4 Axes
 + Level 2.5 Armour
 + Level 1.7 Dodging


You had 2 spell levels left.
You didn't know any spells.

Dungeon Overview and Level Annotations

Branches:
Dungeon (2/15)

Altars:


Innate Abilities, Weirdness & Mutations

You are resistant to torment.
Your stone body is resilient. (AC +3)
You are immune to poison.
You resist negative energy. (rN+)
You are resistant to electric shocks. (rElec)
You can survive without breathing.
You are immune to petrification.
You are immune to rotting.


Message History

You see here a whip.
You hit the gnoll.
The gnoll is moderately wounded.
You slash the gnoll! You closely miss the gnoll.
The gnoll is moderately wounded.
You completely miss the gnoll. The gnoll closely misses you. x2
You slash the gnoll!
You kill the gnoll!
Trog accepts your kill.
Your Fighting skill increases to level 4!
You closely miss the gnoll. The gnoll hits you but does no damage.
You are no longer berserk.
You are exhausted.
You feel yourself slow down.
You see here a gnoll corpse.
The gnoll hits you with a halberd!
* * * LOW HITPOINT WARNING * * *
The gnoll misses you. The gnoll hits you with a halberd!
You die...

#...).. #######......
.............
#.[........
#####...... #######
####...... #.%...#
###......... #.....#
#...##[..... #...@.#
#.#####..... #...g†#
#.# ##....
#####)####.# #####
#.##...#########
#.##.##.......>#
#..#.##.).....<#
######.#.##>.......##
..........##..........
###...................


You could see a gnoll.

Vanquished Creatures
  2 gnolls (D:2)
  A worm (D:2)
  2 ball pythons (D:1)
  A bat (D:1)
  3 giant cockroaches
  2 hobgoblins (D:2)
  3 jackals (D:1)
  3 kobolds (D:1)
  2 frilled lizards (D:1)
  3 goblins
  4 rats
26 creatures vanquished.

Notes
Turn   | Place    | Note
-------+----------+-------------------------------------------
     0 | D:1      | Fang the Gargoyle Berserker began the quest for the Orb.
     0 | D:1      | Reached XP level 1. HP: 14/14 MP: 1/1
    87 | D:1      | Reached XP level 2. HP: 10/19 MP: 2/2
  1388 | D:2      | Reached XP level 3. HP: 22/24 MP: 3/3
  1679 | D:2      | Reached skill level 4 in Fighting
  1682 | D:2      | Mangled by a gnoll

Skill      XL: |  1  2  3 |
---------------+----------+-----
Axes           | 3 |  3.4
Fighting       | 4 |  4.0
Armour         | |  2.5
Dodging        | |  1.7

Action                   || total
-------------------------++-------
Melee: Hand axe          ||    79
Invok: Berserk           ||     3
  Eat: Ration            ||     1
Armor: Animal skin       ||    33
Dodge: Dodged            ||    44
